 Dungeon Crawl Stone Soup version 0.29-a0-322-g68df515428 (webtiles) character file.

Game seed: 13009207568010128759

16 davidthevgamer991 the Skirmisher (level 2, 0/24 HPs)
             Began as a Demonspawn Fighter on Apr 4, 2022.
             Was a Follower of Makhleb.
             Succumbed to a kobold's poison
             ... on level 2 of the Dungeon on Apr 5, 2022.
             The game lasted 00:05:24 (865 turns).

davidthevgamer991 the Skirmisher (DsFi)              Turns: 865, Time: 00:05:25

Health: 0/24       AC: 11    Str: 16    XL:     2   Next: 41%
Magic:  11/11      EV:  6    Int:  9    God:    Makhleb [*.....]
Gold:   18         SH:  4    Dex: 12    Spells: 1/1 levels left

rFire   + . .      SeeInvis .   a - +0 long sword
rCold   + . .      Faith    +   c - +0 buckler
rNeg    . . .      Spirit   .   j - +0 chain mail
rPois   +          Reflect  .   (no helmet)
rElec   +          Harm     .   (no cloak)
rCorr   +          Rampage  .   (no gloves)
Will    .....                   (no boots)
Stlth   ..........              g - amulet of faith
HPRegen 0.08/turn               m - ring of magical power
MPRegen 0.12/turn               (no ring)

@: lethally poisoned (0 -> -9), resistant
A: yellow scales 1
a: Renounce Religion


You were on level 2 of the Dungeon.
You worshipped Makhleb.
Makhleb was aware of your devotion.
You visited 1 branch of the dungeon, and saw 2 of its levels.

You collected 18 gold pieces.

Inventory:

Hand Weapons
 a - a +0 long sword (weapon)
Armour
 b - a +0 scale mail
 c - a +0 buckler (worn)
 j - a +0 chain mail (worn)
Jewellery
 g - an amulet of faith (around neck)
 l - an amulet of the acrobat
 m - a ring of magical power (left hand)
Scrolls
 e - 3 scrolls of amnesia {unknown}
 o - 2 scrolls of identify {unknown}
Potions
 d - 2 potions of might
 f - a potion of invisibility {unknown}
 i - a potion of cancellation {unknown}
 k - a potion of magic {unknown}


   Skills:
 + Level 3.1 Fighting
 + Level 2.0 Long Blades
 + Level 3.0 Armour
 + Level 2.8 Shields


You had one spell level left.
You didn't know any spells.
Your spell library was empty.

Dungeon Overview and Level Annotations

Branches:
Dungeon (2/15)

Altars:
Makhleb


Innate Abilities, Weirdness & Mutations

You are partially covered in yellow scales. (AC +2)


Message History

The adder bites you but does no damage. The kobold hits you but does no damage.
The adder bites you but does no damage.
You closely miss the adder.
The adder is lightly wounded.
The adder barely misses you. The kobold hits you but does no damage.
The kobold closely misses you. The adder bites you but does no damage.
You hit the adder.
The adder is severely wounded.
The kobold hits you but does no damage. You block the kobold's attack.
The adder bites you.
You are poisoned.
The adder poisons you!
The kobold hits you but does no damage. x2
You barely miss the adder.
The adder is severely wounded.
You feel sick. You block the adder's attack.
The kobold hits you with a +2 whip of venom.
You are lethally poisoned!
You block the kobold's attack. The adder barely misses you.
You closely miss the adder.
The adder is severely wounded.
You feel very sick. The adder bites you but does no damage.
The kobold closely misses you. The kobold barely misses you.
The adder bites you but does no damage.
As you read the scroll labelled TAOSUL GUVY, it crumbles to dust.
You feel strangely unstable.
It was a scroll of teleportation.
You feel sick.
The kobold hits you but does no damage. x2
You are more poisoned.
You block the adder's attack.
As you read the scroll of teleportation, it crumbles to dust.
You feel strangely stable.
* * * LOW HITPOINT WARNING * * *
You feel very sick. The kobold barely misses you.
You block the kobold's attack. You block the adder's attack.
* * * LOW HITPOINT WARNING * * *
You feel very sick. The adder bites you but does no damage.
The kobold hits you but does no damage.
It was a potion of resistance.
You feel protected.
You die...

.. .. . . #.
##. #.##..
....# #..#
#$K#######
#.@K>.<..#
#..S.....#
#........#
#.#......#
..........#
...........#
#....#......#
####.#.....?#


You could see an adder and 2 kobolds.

Vanquished Creatures
  A dart slug (D:1)
  2 ball pythons (D:1)
  A goblin (D:1)
  3 hobgoblins (D:1)
  4 bats (D:1)
  A frilled lizard (D:1)
  2 kobolds (D:1)
14 creatures vanquished.

Notes
Turn   | Place    | Note
-------+----------+-------------------------------------------
     0 | D:1      | davidthevgamer991 the Demonspawn Fighter began the quest
                  | for the Orb.
     0 | D:1      | Reached XP level 1. HP: 18/18 MP: 1/1
   289 | D:1      | Gained mutation: You are partially covered in yellow
                  | scales. (AC +2) [demonic ancestry]
   289 | D:1      | Reached XP level 2. HP: 14/24 MP: 2/2
   316 | D:1      | Upgraded the game from 0.29-a0-321-gf1c400731a to
                  | 0.29-a0-322-g68df515428
   470 | D:1      | Found a faded altar of an unknown god.
   480 | D:1      | Prayed at the altar of an unknown god.
   480 | D:1      | Became a worshipper of Makhleb the Destroyer
   480 | D:1      | Reached * piety under Makhleb
   865 | D:2      | Succumbed to a kobold's poison

Illustrated notes

Levels and vault maps discovered:
D:1:      dpeg_arrival_stonehenge_12_columns, layout_rooms,
          ebering_ecumenical_altar_mist
D:2:      layout_rooms

Skill      XL: |  1 |
---------------+----+-----
Armour         | 3 |  3.0
Long Blades    | 2 |  2.0
Fighting       | |  3.1
Shields        | |  2.8

Action                   || total
-------------------------++-------
Melee: Long sword        ||    52
  Use: Scroll            ||     2
       Potion            ||     1
Armor: Scale mail        ||    33
       Chain mail        ||    22
Dodge: Dodged            ||    36
Block: Buckler           ||    17

Table legend: (Time is in decaauts)
 A = Elapsed time spent in this place.
 B = Non-inter-level travel time spent in this place.
 C = Inter-level travel time spent in this place.
 D = Time resting spent in this place.
 E = Time spent auto-exploring this place.
 F = Levels seen in this place.
 G = Mean time per level.
                   A        B        C        D        E       F      G
               +--------+--------+--------+--------+--------+-----+--------+
         Total |    882 |    882 |      0 |    213 |      0 |   2 |  441.0 |
       Dungeon |    882 |    882 |      0 |    213 |      0 |   2 |  441.0 |
               +--------+--------+--------+--------+--------+-----+--------+

Top non-repeatable levels by time:
     D:1: 867 daAuts
     D:2: 14 daAuts
